 Dungeon Crawl Stone Soup version 0.32-a0-818-gb728d0252e (webtiles) character file.

Game seed: 8697940810514778860

787 smashvw the Changeling (level 7, -2/43 HPs)
             Began as an Octopode Shapeshifter on Mar 24, 2024.
             Was an Initiate of Gozag.
             Slain by an ufetubus (4 damage)
             ... on level 5 of the Dungeon.
             The game lasted 00:08:32 (4168 turns).

smashvw the Changeling (Octopode Shapeshifter)      Turns: 4168, Time: 00:08:33

Health: -2/43      AC:  1    Str: 15    XL:     7   Next: 87%
Magic:  7/7        EV: 13    Int: 19    God:    Gozag
Gold:   257        SH:  0    Dex: 11    Spells: 6/6 levels left

rFire   . .          .
                       - Unarmed
rCold   . . .        (no shield)
rNeg    . . .        (helmet currently unavailable)
rPois   .            (no amulet)
rElec   .            j - +6 ring of intelligence
rCorr   .            (no ring)
SInv    .            (no ring)
Will    .....        (no ring)
Stlth   ++++         (no ring)
HPRegen 0.27/turn    (no ring)
MPRegen 0.10/turn    (no ring)
                     (no ring)

%: no passive effects
@: beast-form, gold aura
A: beast (slay +3), almost no armour, amphibious, 8 rings, camouflage 1,
gelatinous body 1, (nimble swimmer 1), tentacles
a: Begin Untransformation, Renounce Religion, Potion Petition, Call Merchant,
Bribe Branch


You were on level 5 of the Dungeon.
You worshipped Gozag.
Gozag was aware of your devotion.
You were a hulking beast.
You visited 2 branches of the dungeon, and saw 6 of its levels.
You also visited: Sewer.

You collected 348 gold pieces.
You paid 91 gold pieces to Gozag.

Inventory:

Missiles
 g - 7 boomerangs (quivered)
 k - 6 atropa-tipped darts
 t - a curare-tipped dart
 x - 19 poisoned darts
Jewellery
 j - a +6 ring of intelligence (left tentacle)
Talismans
 b - a beast talisman (active)
 c - a flux talisman
Wands
 n - a wand of warping (10)
 r - a wand of digging (1)
Scrolls
 d - 2 scrolls of poison {unknown}
 f - 2 scrolls of teleportation {unknown}
 i - 2 scrolls of enchant armour {unknown}
 l - 3 scrolls of identify {unknown}
 m - 3 scrolls of revelation {unknown}
 o - a scroll of torment {unknown}
 p - a scroll of enchant weapon {unknown}
 y - a scroll of immolation {unknown}
 A - 2 scrolls of blinking {unknown}
Potions
 e - 5 potions of curing {unknown}
 h - 2 potions of invisibility {unknown}
 q - a potion of enlightenment {unknown}
 s - a potion of ambrosia {unknown}
 u - a potion of brilliance {unknown}
 v - 2 potions of heal wounds {unknown}
 w - 2 potions of haste {unknown}
 z - 2 potions of mutation {unknown}


   Skills:
 - Level 1.0 Fighting
 + Level 4.3 Dodging
 - Level 5.0 Stealth
 + Level 4.7 Unarmed Combat
 * Level 5.7 Shapeshifting


You had 6 spell levels left.
You didn't know any spells.
Your spell library contained the following spells:

 Spells                   Type           Power      Damage    Failure   Level
 Summon Ice Beast         Ice/Summ       0%         N/A       52%         3
 Summon Mana Viper        Hex/Summ       0%         N/A       99%         5
 Conjure Ball Lightning   Conj/Air       0%         3x3d6     100%        6
 Monstrous Menagerie      Summ           0%         N/A       100%        7
 Discord                  Hex            0%         N/A       100%        8
 Disjunction              Tloc           0%         N/A       100%        8


Dungeon Overview and Level Annotations

Branches:
Dungeon (5/15)             Temple (1/1) D:4           Sewer (visited)

Altars:
Ashenzari
Cheibriados
Elyvilon
Gozag
Kikubaaqudgha
Makhleb
Qazlal
Sif Muna
Trog
Uskayaw
Vehumet
Wu Jian
Yredelemnul
Zin
The Shining One

Shops:
D:3 !   D:4 *   D:5 :

Annotations:
D:5 Pikel


Innate Abilities, Weirdness & Mutations

You are a hulking beast.
Your limbs bulge with bestial killing power. (Slay +3)
You cannot wear most types of armour.
You are amphibious.
You can wear up to eight rings at the same time.
Your skin changes colour to match your surroundings (Stealth+).
Your rubbery body absorbs attacks. (AC +1, EV +1)
((You are camouflaged when in or above water. (Stealth+)))
You have tentacles for arms and can constrict up to eight enemies at once.


Message History

The lemure completely misses you.
You smack the scorpion!
You kill the scorpion!
The lemure hits you but does no damage.
You closely miss the lemure.
The lemure is almost dead.
You hit the lemure.
You kill the lemure!
That felt strangely unrewarding.
The lemure is distracted by your dazzling golden aura.
You closely miss Pikel.
The lemure shouts!
You hear a shout!
You hit Pikel.
Pikel is lightly wounded.
Pikel hits you with a +0 whip of electrocution.
* * * LOW HITPOINT WARNING * * *
You hit Pikel.
Pikel is moderately wounded.
The lemure is no longer distracted by gold.
Pikel hits you but does no damage.
You smack Pikel!
Pikel is heavily wounded.
Pikel hits you but does no damage.
An ufetubus comes into view.
You hit Pikel but do no damage.
Pikel is heavily wounded.
Pikel hits you with a +0 whip of electrocution.
* * * LOW HITPOINT WARNING * * *
You smack Pikel!
Your punch misses Pikel.
Pikel is severely wounded.
You feel less wooden.
You turn into a hulking beast.
The ufetubus hits you.
* * * LOW HITPOINT WARNING * * *
The ufetubus hits you.
* * * LOW HITPOINT WARNING * * *
Pikel barely misses you.
An ufetubus comes into view.
The ufetubus closely misses you. The ufetubus hits you.
You die...
Your body crumbles into a pile of gold.

####### .......#####
.......#...#
.......#...#
.....S.#...# #
.......#..5###5#####
.......'.55Kh5......
.......#..S###.....#
###....#...# ###.#
######...# #...#
#...#####
###..##...#
#.....#...# #
#.⌠.⌠.....#.#


You could see Pikel, 3 lemures, an adder and 2 ufetubi.

Vanquished Creatures
  A lemure (D:5)
  3 kobold brigands (Sewer)
  2 scorpions (D:5)
  A jelly (D:4)
  A bombardier beetle (D:3)
  A hound (D:5)
  Ijyb (D:3)
  An iguana (D:5)
  A sleepcap (D:5)
  3 gnolls (D:3)
  5 adders
  6 river rats
  A ribbon worm (D:4)
  5 dart slugs
  4 orcs (D:3)
  7 endoplasms
  4 giant cockroaches
  15 goblins
  11 hobgoblins
  14 jackals
  4 quokkas
  17 ball pythons
  2 bats
  4 frilled lizards
  21 kobolds
  24 rats
159 creatures vanquished.

Notes
Turn   | Place    | Note
-------+----------+-------------------------------------------
     0 | D:1      | smashvw the Octopode Shapeshifter began the quest for the
                  | Orb.
     0 | D:1      | Reached XP level 1. HP: 13/13 MP: 1/1
    98 | D:1      | Reached XP level 2. HP: 15/18 MP: 2/2
   104 | D:1      | Reached skill level 1 in Stealth
   367 | D:1      | Reached XP level 3. HP: 18/23 MP: 3/3
  1297 | D:3      | Reached XP level 4. HP: 19/28 MP: 4/4
  1385 | D:3      | Noticed Ijyb
  1396 | D:3      | Killed Ijyb
  1461 | D:3      | Reached XP level 5. HP: 9/33 MP: 5/5
  1785 | D:3      | Found Loguer's Distillery.
  2184 | D:4      | Reached XP level 6. HP: 33/38 MP: 6/6
  2366 | D:4      | Found a staircase to the Ecumenical Temple.
  2377 | Temple   | Entered the Ecumenical Temple
  2557 | D:4      | Found a glowing drain.
  2575 | Sewer    | Entered a sewer
  3041 | Sewer    | Reached skill level 5 in Shapeshifting
  3042 | Sewer    | Reached XP level 7. HP: 26/43 MP: 7/7
  3725 | D:4      | Found Wuuliur's Gadget Gallery.
  3782 | D:4      | Found an opulent altar of Gozag.
  3827 | D:4      | Became a worshipper of Gozag Ym Sagoz the Greedy
  4078 | D:5      | Entered Level 5 of the Dungeon
  4107 | D:5      | Found Zafaru Odatu's Vocational Training.
  4115 | D:5      | Reached skill level 5 in Stealth
  4142 | D:5      | Noticed Pikel
  4168 | D:5      | HP: 2/43 [ufetubus (2)]
  4168 | D:5      | Slain by an ufetubus

Illustrated notes

Levels and vault maps discovered:
D:1:      tarquinn_simple_flora_water_c, layout_basic
D:2:      layout_loops_ring, grunt_decor_fettered, grunt_ministairs_15
D:3:      cheibrodos_greedy_goblins, layout_basic, serial_shops,
          nicolae_shop_tiny_glass, uniq_ijyb
D:4:      layout_loops_corners, grunt_gozag_statues, temple_statues,
          portal_sewer_entry_a, nicolae_shop_gadgets
D:5:      layout_basic, nicolae_shop_vocational, uniq_pikel, uniq_eustachio
Temple:   zaba_magenta_temple

Skill      XL: |  1  2  3  4  5  6  7 |
---------------+----------------------+-----
Stealth        | 1 2 3 4 5 |  5.0
Shapeshifting  | 4 5 |  5.7
Dodging        | 3 4 |  4.3
Unarmed Combat | 4 |  4.7
Fighting       | |  1.0

Action                     |  1- 3 |  4- 6 |  7- 9 || total
---------------------------+-------+-------+-------++-------
  Melee: Unarmed           |    67 |   138 |    54 ||   259
         Tentacles         |    16 |    30 |    13 ||    59
         Constrict         |    16 |    51 |    13 ||    80
         Punch             |     2 |     4 |     3 ||     9
    Use: Potion            |       |       |     1 ||     1
   Stab: Sleeping          |    11 |     7 |     3 ||    21
         Distracted        |       |     1 |       ||     1
 Armour: Skin              |    27 |    69 |    33 ||   129
  Dodge: Dodged            |    33 |   110 |    21 ||   164

Table legend: (Time is in decaauts)
 A = Elapsed time spent in this place.
 B = Non-inter-level travel time spent in this place.
 C = Inter-level travel time spent in this place.
 D = Time resting spent in this place.
 E = Time spent auto-exploring this place.
 F = Levels seen in this place.
 G = Mean time per level.
                   A        B        C        D        E       F      G
               +--------+--------+--------+--------+--------+-----+--------+
         Total |   4147 |   4029 |    118 |    199 |   3035 |   7 |  592.4 |
       Dungeon |   3227 |   3118 |    109 |    111 |   2416 |   5 |  645.4 |
        Temple |     39 |     30 |      9 |      0 |      0 |   1 |   39.0 |
         Sewer |    880 |    880 |      0 |     88 |    619 |   1 |  880.0 |
               +--------+--------+--------+--------+--------+-----+--------+

Top non-repeatable levels by time:
     D:4: 972 daAuts
     D:3: 895 daAuts
   Sewer: 880 daAuts
     D:1: 671 daAuts
     D:2: 601 daAuts
     D:5: 87 daAuts
  Temple: 39 daAuts
